 Dungeon Crawl Stone Soup version 0.19.1 (webtiles) character file.

68054 Dysjunc the Severer (level 14, -17/125 HPs)
             Began as a Minotaur Berserker on Dec 8, 2016.
             Was a High Priest of Trog.
             Demolished by an orc warrior
             ... wielding a +0 halberd
              (27 damage)
             ... on level 2 of the Orcish Mines on Dec 12, 2016.
             The game lasted 02:06:56 (22163 turns).

Dysjunc the Severer (Minotaur Berserker)           Turns: 22163, Time: 02:06:57

Health: -17/125    AC: 19    Str: 27    XL:     14   Next: 85%
Magic:  18/18      EV: 15    Int:  7    God:    Trog [*****.]
Gold:   1486       SH:  0    Dex: 10    Spells: 0 memorised, 13 levels left

rFire  . . .     SeeInvis +     Q - +5 executioner's axe of Egomania {flame, Int+3}
rCold  . . .     Gourm    .     t - quicksilver dragon scales
rNeg   . . .     Faith    .     (shield currently unavailable)
rPois  +         Spirit   .     m - +0 hat {SInv}
rElec  .         Reflect  .     P - +0 cloak
rCorr  .         Harm     .     N - +0 pair of gloves
MR     ++...                    (no boots)
Stlth  ..........               (no amulet)
                                L - ring of poison resistance
                                B - ring of poison resistance

@: exhausted, slowed, drained, very slow
A: retaliatory headbutt, horns 2, shaggy fur 1
a: Berserk, Trog's Hand, Brothers in Arms, Burn Spellbooks, Renounce Religion


You were on level 2 of the Orcish Mines.
You worshipped Trog.
Trog was extremely pleased with you.
You were not hungry.

You visited 4 branches of the dungeon, and saw 22 of its levels.
You also visited: Ice Cave.

You collected 1806 gold pieces.
You spent 320 gold pieces at shops.

Inventory:

Hand Weapons
 d - a +2 whip of electrocution
 k - the +5 rapier "Atel" {pierce, rElec Str+3 Int-5}
   (You found it on level 5 of the Dungeon)

   It inflicts extra damage upon your enemies.
   It affects your strength (+3).
   It affects your intelligence (-5).
   It insulates you from electricity.
 l - a +2 mace of crushing
 o - a +5 war axe of freezing
 w - the +1 hand axe "Iropp" {antimagic, +Inv}
   (You found it in an ice cave)

   It reduces the magical energy of the wielder, and disrupts the spells and
   magical abilities of those hit.
   Natural abilities and divine invocations are not affected.
   It lets you turn invisible.
 Q - the +5 executioner's axe of Egomania (weapon) {flame, Int+3}
   (Trog gifted it to you on level 6 of the Lair of Beasts)

   It has been specially enchanted to burn those struck by it, causing extra
   injury to most foes and up to half again as much damage against particularly
   susceptible opponents.
   Big, fiery blades are also staple armaments of hydra-hunters.
   It affects your intelligence (+3).
Missiles
 u - 19 tomahawks
 M - 2 steel javelins (quivered)
Armour
 m - a +0 hat of see invisible (worn)
 t - quicksilver dragon scales (worn)
 A - a +0 scale mail of cold resistance
 C - a +1 plate armour
 N - a +0 pair of gloves (worn)
 P - a +0 cloak (worn)
Jewellery
 s - a +2 ring of dexterity
 B - a ring of poison resistance (left hand)
 L - a ring of poison resistance (right hand)
 O - a +3 ring of dexterity
Wands
 a - a wand of flame (19/48)
 b - a wand of acid (7/15)
 i - a wand of random effects (27/48)
 j - a wand of polymorph (14/24)
 p - a wand of disintegration (13/24)
 E - a wand of paralysis (20/24)
 F - a wand of digging (12/24)
 G - a wand of iceblast (11/15)
 I - a wand of polymorph (7/24)
 K - a wand of lightning (6/15)
 T - a wand of flame (22/48)
Scrolls
 g - a scroll of fog
 r - 2 scrolls of identify
 x - 7 scrolls of remove curse
 y - a scroll of recharging
 J - 4 scrolls of fear
 V - a scroll of magic mapping
Potions
 c - 2 potions of brilliance
 e - 2 potions of might
 f - 2 potions of berserk rage
 q - 2 potions of cancellation
 v - 6 potions of curing
 z - a potion of haste
 D - 2 potions of lignification
 H - 2 potions of agility
Comestibles
 n - 5 bread rations
 R - 9 chunks of flesh


   Skills:
 - Level 11.9(11.4) Fighting
 * Level 19.2(18.6) Axes
 + Level 15.9(15.3) Armour
 - Level 9.2(8.7) Dodging
 - Level 7.5(7.0) Evocations


You had 13 spell levels left.
You didn't know any spells.

Dungeon Overview and Level Annotations

Branches:
Dungeon (13/15)            Temple (0/1) D:7            Lair (6/6) D:10
  Swamp (0/4) Lair:4        Snake (1/4) Lair:2        Slime (0/5) Lair:6
    Orc (2/2) D:10            Elf (0/3) Orc:2
 Vaults: D:13-14

Altars:
Dithmenos
Elyvilon
Makhleb
Ru
Trog
Uskayaw
Vehumet
Xom
Zin
The Shining One

Shops:
D:5 %   D:12 *   Orc:1 *

Annotations:
Lair:6 exclusion: 4 oklob plants
Orc:2 Saint Roka, Urug


Innate Abilities, Weirdness & Mutations

You reflexively headbutt those who attack you in melee.
You have a pair of horns on your head.
You are covered in fur. (AC +1)


Message History

The orc sorcerer seems to regain its courage.
Saint Roka seems to regain his courage.
The orc wizard casts a spell.
The orc wizard blinks!
Saint Roka roars a battlecry!
The orc warrior hits you with a halberd!
* * * LOW HITPOINT WARNING * * *
The orc wizard looks encouraged for a moment.
Saint Roka roars a battlecry!
The orc wizard gestures at you while chanting.
The puff of flame hits you!
* * * LOW HITPOINT WARNING * * *
The orc warrior barely misses you.
The orc warrior throws a tomahawk.
The tomahawk hits you.
* * * LOW HITPOINT WARNING * * *
The orc sorcerer gestures at you while chanting.
The bolt of negative energy hits you!
You feel drained.
* * * LOW HITPOINT WARNING * * *
The orc warrior hits you from afar with a halberd!!
You die...

...## .. #.#.# ...###
##...##
........####.....# ..
...........##....# ...
.............(..#####.o..
.......#.......)o.8......
........#..#...))).o.....
...............)@)oo.....
.#.......................
...)).........##..8......
...)....#......######o...
...........#...# ....
...............# #..
............#.#.# ..
................#
.........#.#..#.


You could see Saint Roka, an orc sorcerer, 3 orc warriors and an orc wizard
(invisible).

Vanquished Creatures
  Gastronok (Lair:2)
  Kirke (Snake:1)
  Snorg (D:11)
  A fire dragon (Lair:6)
  9 hydras
  A naga warrior (Snake:1)
  3 anacondas (Snake:1)
  3 death yaks (Lair:6)
  An unseen horror (D:12)
  2 naga ritualists (Snake:1)
  A necromancer (IceCv)
  A hill giant (D:10)
  Pikel (D:4)
  4 mana vipers (Snake:1)
  A cyclops (D:11)
  2 orc sorcerers
  An ugly thing (D:12)
  2 centaur zombies
  A salamander (Snake:1)
  13 black mambas
  13 elephants
  Joseph (D:8)
  2 ice statues (IceCv)
  11 spiny frogs
  3 torpor snails (Lair:5)
  2 gargoyles (D:13)
  6 rime drakes
  3 kobold demonologists
  12 komodo dragons
  The ghost of mexichick the Martial Artist, a novice OpTm of Cheibriados (D:7)
  7 ice devils (IceCv)
  2 trolls
  2 hornets
  2 polar bears
  15 blink frogs
  7 hippogriffs
  The ghost of mexichick the Insei, an amateur OpTm (D:3)
  7 dream sheep (Lair:6)
  A spriggan (D:11)
  2 shadows (D:11)
  4 wyverns
  4 hogs (Snake:1)
  6 basilisks
  31 yaks
  A wraith (D:12)
  3 steam dragons (Lair:6)
  Edmund (D:5)
  4 wargs
  3 mottled dragons (Lair:6)
  4 nagas (Lair:2)
  9 water moccasins
  4 ice beasts
  10 porcupines
  10 orc warriors
  A swamp drake (Lair:6)
  2 slaves (D:4)
  3 black bears
  An eye of draining (D:11)
  2 phantoms
  3 sky beasts
  4 wolves (Lair:4)
  5 ogres
  2 centaurs
  10 crocodiles
  3 big kobolds
  10 bullfrogs
  5 scorpions
  A wyvern skeleton (D:11)
  A killer bee (D:7)
  3 wights (D:10)
  2 howler monkeys
  4 crimson imps
  A draconian simulacrum (IceCv)
  2 quasits
  A centaur skeleton (D:5)
  7 hounds
  12 orc priests
  A jelly (D:5)
  8 orc wizards
  A bullfrog skeleton (D:7)
  5 iguanas
  8 worker ants
  4 hell rats (Lair:6)
  A spriggan simulacrum (IceCv)
  6 troll simulacra (IceCv)
  A centaur simulacrum (IceCv)
  A hound zombie (D:5)
  A hound skeleton (D:6)
  2 worker ant zombies
  Robin (D:3)
  4 gnolls (D:6)
  13 adders
  An ogre simulacrum (IceCv)
  A river rat (Lair:6)
  2 shadow imps
  An ooze (D:5)
  2 adder skeletons
  An adder zombie (D:7)
  2 worms
  2 dart slugs
  10 leopard geckos
  25 orcs
  8 bats
  5 giant cockroaches
  18 goblins
  11 hobgoblins
  12 jackals
  18 kobolds
  6 quokkas
  A ball python (D:1)
  7 frilled lizards
  A leopard gecko skeleton (D:7)
  2 quokka skeletons (D:4)
  6 rats
  6 fungi
  2 plants (Lair:6)
536 creatures vanquished.

Vanquished Creatures (collateral kills)
  A naga (Lair:2)
1 creature vanquished.

Vanquished Creatures (others)
  A human (Snake:1)
  A worker ant (D:4)
  An orc (D:4)
  7 fungi
  7 plants (Lair:6)
17 creatures vanquished.

Grand Total: 554 creatures vanquished

Notes
Turn   | Place    | Note
-------+----------+-------------------------------------------
     0 | D:1      | Dysjunc the Minotaur Berserker began the quest for the Orb.
     0 | D:1      | Reached XP level 1. HP: 19/19 MP: 0/0
   236 | D:1      | Reached XP level 2. HP: 26/27 MP: 1/1
   847 | D:1      | Reached XP level 3. HP: 33/33 MP: 2/2
  1169 | D:2      | Reached ** piety under Trog
  1228 | D:2      | Reached skill level 4 in Axes
  1302 | D:2      | Reached XP level 4. HP: 39/40 MP: 3/3
  2038 | D:3      | Noticed Robin
  2047 | D:3      | Killed Robin
  2074 | D:3      | Reached *** piety under Trog
  2305 | D:3      | Noticed mexichick's ghost (amateur OpTm)
  2311 | D:3      | Killed mexichick's ghost
  2311 | D:3      | Reached skill level 5 in Axes
  2311 | D:3      | Reached XP level 5. HP: 46/47 MP: 4/4
  2311 | D:3      | Reached XP level 6. HP: 53/55 MP: 5/5
  2463 | D:3      | Reached skill level 5 in Fighting
  2553 | D:3      | Found a burning altar of Makhleb.
  2558 | D:3      | Found a bloodstained altar of Trog.
  2565 | D:3      | Found a sacrificial altar of Ru.
  2570 | D:3      | Found a glowing silver altar of Zin.
  2581 | D:3      | Found a shimmering altar of Xom.
  2588 | D:3      | Found a shadowy altar of Dithmenos.
  2593 | D:3      | Found a radiant altar of Vehumet.
  2819 | D:4      | Found a sacrificial altar of Ru.
  2851 | D:4      | Found a glowing golden altar of the Shining One.
  2870 | D:4      | Reached skill level 5 in Armour
  2914 | D:4      | Noticed a slave
  2923 | D:4      | Killed a slave
  2930 | D:4      | Noticed Pikel
  2930 | D:4      | Noticed a slave
  2930 | D:4      | Noticed a slave
  2937 | D:4      | Noticed a slave
  2944 | D:4      | Killed Pikel
  2944 | D:4      | Reached skill level 6 in Axes
  2944 | D:4      | Reached skill level 5 in Dodging
  2944 | D:4      | Reached XP level 7. HP: 31/63 MP: 6/6
  3128 | D:4      | Reached XP level 8. HP: 60/70 MP: 7/7
  3443 | D:5      | Entered Level 5 of the Dungeon
  3513 | D:5      | Noticed Edmund
  3520 | D:5      | Killed Edmund
  3704 | D:5      | Reached skill level 7 in Axes
  3749 | D:5      | Found Kihun's Food Boutique.
  3814 | D:5      | Got a translucent rapier
  3815 | D:5      | Lost intelligence.
  3815 | D:5      | Identified the +5 rapier "Atel" {pierce, rElec Str+3 Int-5} (You found it on level 5 of the Dungeon)
  4109 | D:5      | Found a hide-covered altar of Uskayaw.
  4530 | D:6      | Reached **** piety under Trog
  5167 | D:7      | Found a staircase to the Ecumenical Temple.
  5355 | D:7      | Noticed a hippogriff
  5362 | D:7      | Killed a hippogriff
  5517 | D:7      | Reached XP level 9. HP: 51/81 MP: 8/8
  5666 | D:7      | Reached skill level 8 in Axes
  5859 | D:7      | Noticed mexichick's ghost (novice OpTm)
  5876 | D:7      | Killed mexichick's ghost
  6139 | D:8      | Gained mutation: Your spells are a little easier to cast, but a little less powerful. [mutagenic meat]
  6140 | D:8      | Gained mutation: You have large cloven feet. [mutagenic meat]
  6141 | D:8      | Gained mutation: You are occasionally teleported next to monsters. [mutagenic meat]
  6141 | D:8      | Lost mutation: You have large cloven feet. [potion of cure mutation]
  6141 | D:8      | Lost mutation: Your spells are a little easier to cast, but a little less powerful. [potion of cure mutation]
  6141 | D:8      | Lost mutation: You are occasionally teleported next to monsters. [potion of cure mutation]
  6143 | D:8      | Gained mutation: Your muscles are strong. (Str +2) [mutagenic meat]
  6144 | D:8      | Gained mutation: You possess an exceptional clarity of mind. [mutagenic meat]
  6145 | D:8      | Gained mutation: You are covered in fur. (AC +1) [mutagenic meat]
  6351 | D:8      | Reached skill level 9 in Axes
  6761 | D:8      | Noticed Joseph
  6774 | D:8      | Killed Joseph
  7285 | D:9      | Lost mutation: You possess an exceptional clarity of mind. [potion of mutation]
  7285 | D:9      | Lost mutation: Your muscles are strong. (Str +2) [potion of mutation]
  7285 | D:9      | Gained mutation: You have a pair of large horns on your head. [potion of mutation]
  7286 | D:9      | Gained mutation: Your muscles are strong. (Str +2) [potion of mutation]
  7286 | D:9      | Gained mutation: You are agile. (Dex +2) [potion of mutation]
  7286 | D:9      | Gained mutation: Your spells are a little easier to cast, but a little less powerful. [potion of mutation]
  7333 | D:9      | Reached XP level 10. HP: 91/91 MP: 9/9
  7349 | D:9      | Found a white marble altar of Elyvilon.
  7372 | D:10     | Entered Level 10 of the Dungeon
  7372 | D:10     | Noticed a hill giant
  7385 | D:10     | Killed a hill giant
  7476 | D:10     | Found a staircase to the Orcish Mines.
  7588 | D:10     | Reached skill level 10 in Fighting
  7588 | D:10     | Reached skill level 10 in Axes
  7620 | D:10     | Lost mutation: You are agile. (Dex +2) [mutagenic meat]
  7621 | D:10     | Lost mutation: Your muscles are strong. (Str +2) [mutagenic meat]
  7622 | D:10     | Gained mutation: You are frail. (-10% HP) [mutagenic meat]
  7623 | D:10     | Lost mutation: Your spells are a little easier to cast, but a little less powerful. [mutagenic meat]
  7623 | D:10     | Lost mutation: You are frail. (-10% HP) [potion of cure mutation]
  7623 | D:10     | Lost mutation: You have a pair of large horns on your head. [potion of cure mutation]
  7700 | D:10     | Reached skill level 10 in Armour
  7754 | D:10     | Found a staircase to the Lair.
  7923 | Lair:1   | Entered Level 1 of the Lair of Beasts
  8040 | Lair:1   | Noticed a spiny frog
  8046 | Lair:1   | Killed a spiny frog
  8046 | Lair:1   | Reached skill level 1 in Evocations
  8954 | Lair:2   | Noticed a five-headed hydra
  8964 | Lair:2   | Killed a five-headed hydra
  8964 | Lair:2   | Reached XP level 11. HP: 92/101 MP: 11/11
  9286 | Lair:2   | Noticed Gastronok
  9302 | Lair:2   | Killed Gastronok
  9302 | Lair:2   | Reached skill level 11 in Axes
  9310 | Lair:2   | HP: 3/102 [poisoned by a spiny frog]
  9787 | Lair:2   | Found a staircase to the Snake Pit.
 10398 | Lair:2   | Noticed a five-headed hydra
 10406 | Lair:2   | Killed an eight-headed hydra
 10984 | Lair:3   | Received a gift from Trog
 11371 | Lair:3   | Reached skill level 5 in Evocations
 11377 | Lair:3   | Reached skill level 12 in Axes
 11487 | Lair:3   | Reached XP level 12. HP: 98/112 MP: 14/14
 11827 | Lair:4   | Reached ***** piety under Trog
 11954 | Lair:4   | Found a staircase to the Swamp.
 12019 | Lair:4   | Noticed a four-headed hydra
 12029 | Lair:4   | Killed a nine-headed hydra
 12801 | Lair:5   | Reached skill level 13 in Axes
 13435 | Lair:5   | Reached skill level 14 in Axes
 14078 | Lair:6   | Entered Level 6 of the Lair of Beasts
 14086 | Lair:6   | Reached XP level 13. HP: 104/117 MP: 17/17
 14524 | Lair:6   | Received a gift from Trog
 14525 | Lair:6   | Got an ichor-stained executioner's axe {god gift}
 14526 | Lair:6   | Identified the +5 executioner's axe of Egomania {flame, Int+3} (Trog gifted it to you on level 6 of the Lair of Beasts)
 14581 | Lair:6   | Reached skill level 15 in Axes
 14756 | Lair:6   | Found a staircase to the Slime Pits.
 15201 | Lair:6   | Reached skill level 16 in Axes
 15505 | Lair:6   | Noticed a fire dragon
 15769 | Lair:6   | Killed a fire dragon
 17016 | D:11     | Noticed Snorg
 17019 | D:11     | Reached skill level 17 in Axes
 17028 | D:11     | Killed Snorg
 17075 | D:11     | Reached XP level 14. HP: 125/125 MP: 18/18
 17961 | D:11     | You fall through a shaft for 2 floors!
 18128 | D:13     | Found a frozen archway.
 18134 | IceCv    | Entered an ice cave
 18362 | IceCv    | Reached skill level 15 in Armour
 18924 | IceCv    | Got a crystal hand axe
 18933 | IceCv    | Identified the cursed +1 hand axe "Iropp" {antimagic, +Inv} (You found it in an ice cave)
 19352 | D:12     | Found Xabiurphadu's General Store.
 19549 | D:12     | Reached skill level 18 in Axes
 20244 | Snake:1  | Entered Level 1 of the Snake Pit
 20828 | Snake:1  | Noticed Kirke
 20842 | Snake:1  | Killed Kirke
 20887 | Snake:1  | Reached skill level 19 in Axes
 21647 | Orc:1    | Entered Level 1 of the Orcish Mines
 21647 | Orc:1    | Found Umeifar's General Store.
 21656 | Orc:1    | Bought a potion of heal wounds for 80 gold pieces
 21656 | Orc:1    | Bought a wand of iceblast (11/15) for 240 gold pieces
 21903 | Orc:2    | Entered Level 2 of the Orcish Mines
 22077 | Orc:2    | Found a staircase to the Elven Halls.
 22152 | Orc:2    | Noticed Urug
 22152 | Orc:2    | Noticed Saint Roka
 22163 | Orc:2    | Demolished by an orc warrior

Skill      XL: |  1  2  3  4  5  6  7  8  9 10 11 12 13 14 |
---------------+-------------------------------------------+-----
Armour         | 3 4 5 6 7 9 10 11 13 14 15 | 15.9
Fighting       | 4 6 7 9 10 11 | 11.9
Dodging        | 3 4 5 6 8 9 |  9.2
Axes           | 4 5 6 7 9 10 12 14 17 19 | 19.2
Evocations     | 2 5 7 |  7.5

Action                   |  1- 3 |  4- 6 |  7- 9 | 10-12 | 13-15 || total
-------------------------+-------+-------+-------+-------+-------++-------
Melee: Hand axe          |    61 |       |       |       |     6 ||    67
       Headbutt          |     7 |    19 |    37 |   104 |   115 ||   282
       Whip              |    15 |   107 |    22 |     6 |       ||   150
       War axe           |       |       |   223 |   398 |    59 ||   680
       Executioner's axe |       |       |       |       |   447 ||   447
Throw: Stone             |     4 |       |       |       |       ||     4
Invok: Berserk           |       |     1 |     2 |    13 |    12 ||    28
       Trog's Hand       |       |       |     2 |    14 |    18 ||    34
       Brothers in Arms  |       |       |       |     1 |     1 ||     2
Evoke: Wand              |       |       |       |     4 |     3 ||     7
  Use: Potion            |       |     6 |     6 |     6 |     6 ||    24
       Scroll            |       |     6 |    12 |    13 |    16 ||    47
 Stab: Distracted        |       |       |       |     1 |       ||     1
       Fleeing           |       |       |       |       |     1 ||     1
  Eat: Chunk             |     1 |     7 |    12 |    18 |     8 ||    46
       Beef jerky        |       |       |     2 |     2 |     2 ||     6
       Meat ration       |       |       |     1 |     1 |     6 ||     8
       Pizza             |       |       |     1 |     1 |       ||     2
       Bread ration      |       |       |       |     4 |     1 ||     5
       Fruit             |       |       |       |       |     2 ||     2
Armor: Animal skin       |     8 |       |       |       |       ||     8
       Ring mail         |    30 |    13 |       |       |       ||    43
       Chain mail        |       |     8 |    42 |       |       ||    50
       Scale mail        |       |     8 |       |       |       ||     8
       Plate armour      |       |       |    82 |   239 |   219 ||   540
       Quicksilver drago |       |       |       |       |    71 ||    71
Dodge: Dodged            |    58 |    55 |   101 |   219 |   361 ||   794
